 Dungeon Crawl Stone Soup version 0.25.1-2-g60ff931df9 (webtiles) character file.

Game seed: 13538106361006676398

6638 Joresh2 the Basher (level 10, -4/100 HPs)
             Began as a Troll Berserker on Aug 29, 2020.
             Was a High Priest of Trog.
             Slain by a yak (17 damage)
             ... on level 10 of the Dungeon.
             The game lasted 00:51:55 (8982 turns).

Joresh2 the Basher (Troll Berserker)                Turns: 8982, Time: 00:51:55

Health: -4/100     AC:  6    Str: 30    XL:     10   Next: 72%
Magic:  9/9        EV: 12    Int:  3    God:    Trog [*****.]
Gold:   512        SH:  0    Dex:  9    Spells: 9/9 levels left

rFire    . . .     SeeInvis .   R - +1 flail (vorpal)
rCold    . . .     Gourm    +   (no shield)
rNeg     . . .     Faith    .   b - +0 animal skin
rPois    .         Spirit   .   I - +0 hat
rElec    .         Reflect  .   (no cloak)
rCorr    .         Harm     .   (gloves unavailable)
MR       .....                  (boots unavailable)
Stlth    +.........             (no amulet)
HPRegen  0.66/turn              (no ring)
MPRegen  0.11/turn              (no ring)

@: no status effects
A: large, unfitting armour, claws 3, fast metabolism 3, gourmand, regeneration
1, shaggy fur 1, tough skin 3
a: Berserk, Trog's Hand, Brothers in Arms, Renounce Religion


You were on level 10 of the Dungeon.
You worshipped Trog.
Trog was extremely pleased with you.
You were very full.

You visited 1 branch of the dungeon, and saw 11 of its levels.

You collected 512 gold pieces.

Inventory:

Hand Weapons
 i - a +0 hunting sling
 p - a +2 short sword of holy wrath
 w - a +0 shortbow
 y - a +2 flail of holy wrath
 z - a +0 giant club
 C - a +4 dagger
 D - a +4 scimitar
 E - a +3 flail
 H - a +3 trident
 J - a +0 antimagic flail
 K - a +2 short sword of protection
 R - a +1 vorpal flail (weapon)
Missiles
 f - 230 arrows
 k - 177 stones (quivered)
 o - 58 sling bullets
 v - 30 poisoned darts
Armour
 b - a +0 animal skin (worn)
 I - a +0 hat (worn)
 M - a +1 cloak
 T - a scarf of harm
 V - a scarf of harm
Jewellery
 n - an uncursed ring of flight {unknown}
Wands
 e - a wand of clouds (16)
 x - a wand of acid (5)
 A - a wand of disintegration (14)
 B - a wand of digging (4)
 O - a wand of flame (17)
 X - a wand of iceblast (8)
 Y - a wand of random effects (12)
Scrolls
 a - a scroll of torment
 g - 2 scrolls of teleportation
 q - 10 scrolls of identify
 t - 4 scrolls of remove curse
 F - a scroll of enchant weapon {unknown}
 L - 2 scrolls of blinking {unknown}
 N - 4 scrolls of enchant armour {unknown}
 P - a scroll of amnesia {unknown}
 Q - 2 scrolls of vulnerability {unknown}
 U - a scroll of magic mapping
Potions
 d - a potion of mutation {unknown}
 h - a potion of berserk rage {unknown}
 j - 2 potions of lignification {unknown}
 l - 2 potions of invisibility {unknown}
 m - 3 potions of curing
 r - a potion of ambrosia {unknown}
 s - 2 potions of degeneration {unknown}
 u - a potion of heal wounds {unknown}
 G - a potion of magic {unknown}
 S - a potion of flight {unknown}
Comestibles
 c - 21 rations


   Skills:
 + Level 6.3 Fighting
 + Level 4.5 Short Blades
 * Level 11.2 Maces & Flails
 + Level 6.2 Dodging


You had 9 spell levels left.
You didn't know any spells.
Your spell library was empty.

Dungeon Overview and Level Annotations

Branches:
Dungeon (11/15)            Temple (0/1) D:7
   Lair: D:8-11         Orc: D:9-12

Altars:
Cheibriados
Dithmenos
Elyvilon
Fedhas
Gozag
Hepliaklqana
Kikubaaqudgha
Okawaru
Qazlal
Trog
Uskayaw
Wu Jian
Xom
Zin

Shops:
D:6 (   D:8 =   D:10 %

Annotations:
D:9 1 runed translucent door, Krehm's ghost, novice DsGl


Innate Abilities, Weirdness & Mutations

You are too large for most types of armour.
You have claws for hands.
Your metabolism is lightning-fast.
You like to eat raw meat.
Your natural rate of healing is unusually fast.
You are covered in fur. (AC +1)
You have extremely tough skin. (AC +3)


Message History

You hit the yak.
The yak is moderately wounded.
The yak closely misses you.
You hit the yak.
The yak is moderately wounded.
The yak barely misses you.
You completely miss the yak.
The yak is moderately wounded.
The yak gores you.
* * * LOW HITPOINT WARNING * * *
You barely miss the yak.
The yak is moderately wounded.
You sock the yak!
The yak is heavily wounded.
The yak gores you!
* * * LOW HITPOINT WARNING * * *
You hit the yak.
The yak is severely wounded.
The yak gores you!
You die...

#.##.###.# #.# #.#.#
.........########.## #.#.#
.....#...).........# #.#.#
..#.##.......#####.# #.#.#
#.#.##.......# #.#
##.#.###### #.#.>..<.....#
#.# #..........
.............# #.##
##.##.#####
#..###.......#####..# ####.#
##.# #...>.....Y@...# #.#
#.# #...##.#######[#######.#
#.#
#.......)..............#####
#.#
##..##..######..............
##.####..##..#
################
.........##..#
##......)......##
##.##.....#..##
#.8.∩.<.8.####.##
##.##.........# #..########
#.## ...##.....#..## ##.#
#.##


You could see a yak.

Vanquished Creatures
  Harold (D:7)
  Joseph (D:10)
  A hornet (D:10)
  3 hippogriffs (D:10)
  A human (D:10)
  A wyvern (D:9)
  3 yaks (D:10)
  Edmund (D:5)
  A water moccasin (D:10)
  2 eyes of draining (D:4)
  2 orc warriors
  A black bear (D:8)
  A sky beast (D:9)
  5 ogres
  2 phantoms
  2 necrophages (D:10)
  4 centaurs
  5 bullfrogs
  2 wyvern skeletons
  4 scorpions
  9 wights
  5 crimson imps
  6 orc priests
  A gnoll shaman (D:6)
  4 bullfrog skeletons
  4 hounds
  2 jellies (D:10)
  Jessica (D:3)
  Terence (D:3)
  An iguana (D:9)
  7 worker ants
  5 orc wizards
  3 hound skeletons
  2 hound zombies
  2 howler monkey zombies (D:6)
  4 gnolls
  11 adders
  A shadow imp (D:5)
  An adder zombie (D:6)
  A dart slug (D:3)
  7 leopard geckos
  34 orcs
  4 giant cockroaches
  5 goblins
  7 hobgoblins
  10 jackals
  3 quokkas
  6 bats
  2 frilled lizards
  4 kobolds
  A leopard gecko zombie (D:5)
  A quokka zombie (D:8)
  5 rats
203 creatures vanquished.

Vanquished Creatures (others)
  A centaur skeleton (D:10)
  A bullfrog (D:10)
  A worker ant (D:10)
  2 withered plants (D:9)
5 creatures vanquished.

Grand Total: 208 creatures vanquished

Notes
Turn   | Place    | Note
-------+----------+-------------------------------------------
     0 | D:1      | Joresh2 the Troll Berserker began the quest for the Orb.
     0 | D:1      | Reached XP level 1. HP: 22/22 MP: 0/0
   148 | D:1      | Reached XP level 2. HP: 25/29 MP: 1/1
   183 | D:1      | Reached skill level 3 in Maces & Flails
   728 | D:2      | Reached XP level 3. HP: 29/36 MP: 2/2
   924 | D:2      | Found a hazy altar of Hepliaklqana.
   990 | D:2      | Found a snail-covered altar of Cheibriados.
  1073 | D:2      | Reached ** piety under Trog
  1107 | D:2      | Reached XP level 4. HP: 42/45 MP: 3/3
  1537 | D:3      | Noticed Terence
  1543 | D:3      | Killed Terence
  1651 | D:3      | HP: 2/45 [something (2)]
  1657 | D:3      | HP: 2/45 [orc wizard/+0 dagger (4)]
  1661 | D:3      | Reached skill level 1 in Short Blades
  1661 | D:3      | Reached XP level 5. HP: 17/53 MP: 4/4
  1688 | D:3      | Found a white marble altar of Elyvilon.
  1779 | D:3      | Found a shadowy altar of Dithmenos.
  1783 | D:3      | Found a shimmering altar of Xom.
  1783 | D:3      | Found a shimmering altar of Xom.
  1783 | D:3      | Found a shimmering altar of Xom.
  1783 | D:3      | Noticed Jessica
  1788 | D:3      | Killed Jessica
  1797 | D:3      | Found a shimmering altar of Xom.
  2338 | D:4      | Found an iron altar of Okawaru.
  2382 | D:4      | Noticed an eye of draining
  2383 | D:4      | Noticed an eye of draining
  2410 | D:4      | Killed an eye of draining
  2410 | D:4      | Reached XP level 6. HP: 59/61 MP: 0/5
  2423 | D:4      | Found a bloodstained altar of Trog.
  2552 | D:4      | Found a glowing silver altar of Zin.
  2730 | D:4      | Noticed a +0 hand axe
  2732 | D:4      | Found a hide-covered altar of Uskayaw.
  2732 | D:4      | Noticed a +0 hand axe
  3196 | D:5      | Entered Level 5 of the Dungeon
  3220 | D:5      | Reached *** piety under Trog
  3247 | D:5      | Reached XP level 7. HP: 46/68 MP: 6/6
  3333 | D:5      | Found a stormy altar of Qazlal.
  3349 | D:5      | Noticed Edmund
  3383 | D:5      | Killed Edmund
  3547 | D:5      | Reached skill level 4 in Maces & Flails
  3847 | D:5      | Reached XP level 8. HP: 79/79 MP: 7/7
  4162 | D:6      | Reached skill level 5 in Maces & Flails
  4370 | D:6      | Found a shimmering altar of Xom.
  4395 | D:6      | Found Canwul's Weapon Boutique.
  4554 | D:6      | Reached skill level 5 in Dodging
  4814 | D:6      | Reached skill level 6 in Maces & Flails
  4825 | D:6      | Found a snail-covered altar of Cheibriados.
  4825 | D:6      | Found an opulent altar of Gozag.
  4947 | D:6      | Reached **** piety under Trog
  5147 | D:7      | Noticed Harold
  5173 | D:7      | Killed Harold
  5173 | D:7      | Reached skill level 5 in Fighting
  5173 | D:7      | Reached skill level 8 in Maces & Flails
  5173 | D:7      | Reached XP level 9. HP: 34/88 MP: 8/8
  5585 | D:7      | Found a staircase to the Ecumenical Temple.
  6139 | D:8      | Found an ancient bone altar of Kikubaaqudgha.
  6251 | D:8      | Reached skill level 9 in Maces & Flails
  6490 | D:8      | Found Jyckueb's Jewellery Emporium.
  6765 | D:8      | Reached ***** piety under Trog
  6961 | D:9      | Found a runed translucent door.
  6976 | D:9      | Reached XP level 10. HP: 64/98 MP: 9/9
  7032 | D:9      | Noticed Krehm's ghost (novice DsGl)
  7132 | D:9      | Found a blossoming altar of Fedhas.
  7466 | D:9      | Found an ornate altar of the Wu Jian Council.
  7850 | D:10     | Entered Level 10 of the Dungeon
  7893 | D:10     | Reached skill level 10 in Maces & Flails
  8040 | D:10     | Found Pirheur's Food Shoppe.
  8133 | D:10     | Noticed Joseph
  8158 | D:10     | Killed Joseph
  8158 | D:10     | Received a gift from Trog
  8848 | D:10     | Reached skill level 11 in Maces & Flails
  8982 | D:10     | Slain by a yak

Illustrated notes

Levels and vault maps discovered:
D:1:      dpeg_arrival_water_temple_mockup, layout_basic
D:2:      layout_loops_ring, lemuel_doored_altar, cheibriados_altar_1
D:3:      layout_loops_ring, xom_redecorated,
          nicolae_dithmenos_through_a_glass_darkly, elyvilon_altar_3,
          uniq_terence, uniq_jessica
D:4:      layout_basic, lemuel_round_altar, trog_eyes_of_draining,
          dancing_weapons_uskayaw, okawaru_trees_2, first_ration
D:5:      layout_basic, nicolae_qazlal_general_emergency, uniq_edmund
D:6:      layout_loops_corners, gammafunk_temple_overflow_pools, serial_shops,
          kennysheep_mini_moat, basic_altar, kennysheep_generic_room_6
D:7:      layout_basic, minmay_temple_entry_drinking_statues, uniq_harold
D:8:      layout_loops_ring, kennysheep_little_box, serial_shops, shop
D:9:      layout_cave_pods, marbit_many_paths, nicolae_overflow_hidden_temple,
          gammafunk_ghost_grave
D:10:     layout_loops_ring, serial_shops, shop_statue, hangedman_stone_soup,
          uniq_joseph
D:11:     layout_small_grid, dpeg_lair_monsters, david_orc_4, special_room
          [special_room_kobold]

Skill      XL: |  1  2  3  4  5  6  7  8  9 10 |
---------------+-------------------------------+-----
Maces & Flails | 3 4 8 9 11 | 11.2
Dodging        | 3 4 5 6 |  6.2
Fighting       | 3 4 5 6 |  6.3
Short Blades   | 1 2 3 4 |  4.5

Action                   |  1- 3 |  4- 6 |  7- 9 | 10-12 || total
-------------------------+-------+-------+-------+-------++-------
Melee: Mace              |    53 |       |       |       ||    53
       Dagger            |    58 |   145 |       |       ||   203
       Short sword       |       |    44 |    35 |       ||    79
       Flail             |       |       |   331 |   175 ||   506
Invok: Berserk           |     1 |     1 |     4 |     1 ||     7
       Trog's Hand       |       |       |       |     1 ||     1
       Brothers in Arms  |       |       |       |     1 ||     1
  Use: Scroll            |       |     6 |     3 |       ||     9
       Potion            |       |     3 |       |     2 ||     5
 Stab: Sleeping          |       |       |       |     1 ||     1
  Eat: Chunk             |    17 |    18 |    41 |    20 ||    96
Armor: Animal skin       |    48 |    51 |    92 |    38 ||   229
Dodge: Dodged            |    61 |    71 |   194 |   107 ||   433
